 Seeded DCSS version 0.31.0-11-ge490571c62 (webtiles) character file.

Game seed: 18446744073709551615 (custom seed)

1161 RancidPinata the Covert (level 8, -6/57 HPs)
             Began as an Octopode Delver on Feb 7, 2024.
             Mangled by an ice beast (11 damage)
             ... on level 6 of the Dungeon on Feb 8, 2024.
             The game lasted 00:24:54 (7008 turns).

RancidPinata the Covert (Octopode Delver)           Turns: 7008, Time: 00:24:54

Health: -6/57      AC:  1    Str: 12    XL:     8   Next: 39%
Magic:  8/8        EV: 15    Int: 24    God:
Gold:   215        SH:  0    Dex: 15    Spells: 7/7 levels left

rFire   . . .        a - +0 short sword
rCold   . . .        (no shield)
rNeg    . . .        (helmet restricted)
rPois   .            (no amulet)
rElec   .            t - +6 ring of intelligence
rCorr   .            C - +6 ring of intelligence
SInv    .            A - ring of willpower
Will    +....        (no ring)
Stlth   +++++        (no ring)
HPRegen 0.29/turn    (no ring)
MPRegen 0.11/turn    (no ring)
                     (no ring)

%: no passive effects
@: mighty
A: almost no armour, amphibious, 8 rings, camouflage 1, gelatinous body 1,
(nimble swimmer 1), tentacles
a: no special abilities


You were on level 6 of the Dungeon.
You visited 1 branch of the dungeon, and saw 7 of its levels.

You collected 215 gold pieces.

Inventory:

Hand Weapons
 a - a +0 short sword (weapon)
Missiles
 e - 2 throwing nets
 h - 11 poisoned darts (quivered)
 s - 42 stones
Jewellery
 t - a +6 ring of intelligence (left tentacle)
 A - a ring of willpower (on tentacle)
 C - a +6 ring of intelligence (right tentacle)
Wands
 f - a wand of digging (7)
 j - a wand of mindburst (16)
Scrolls
 b - 3 scrolls of fog
 c - a scroll of revelation
 d - 2 scrolls of enchant armour {unknown}
 g - 9 scrolls of identify {unknown}
 n - 2 scrolls of poison {unknown}
 o - 3 scrolls of noise {unknown}
 q - a scroll of immolation {unknown}
 r - a scroll of summoning {unknown}
 u - a scroll of amnesia {unknown}
 w - a scroll of blinking {unknown}
 y - a scroll of enchant weapon {unknown}
 B - 2 scrolls of vulnerability {unknown}
Potions
 i - a potion of heal wounds {unknown}
 k - a potion of magic {unknown}
 l - 4 potions of might
 m - a potion of enlightenment {unknown}
 p - a potion of ambrosia {unknown}
 v - a potion of mutation {unknown}
 x - a potion of berserk rage {unknown}
 z - 2 potions of haste


   Skills:
 * Level 5.9 Fighting
 + Level 4.2(4.8) Short Blades
 + Level 3.3(4.3) Long Blades
 * Level 5.5 Dodging
 + Level 8.4 Stealth


You had 7 spell levels left.
You didn't know any spells.
Your spell library contained the following spells:

 Spells                   Type           Power      Damage    Failure   Level
 Sublimation of Blood     Necr           0%         N/A       22%         2
 Gell's Gravitas          Tloc           0%         N/A       41%         3
 Teleport Other           Tloc           0%         N/A       41%         3
 Petrify                  Alch/Erth      0%         N/A       82%         4
 Irradiate                Conj/Alch      0%         3d11      99%         5
 Dispersal                Tloc           0%         N/A       100%        6
 Malign Gateway           Summ/Tloc      0%         N/A       100%        7
 Summon Horrible Things   Summ           0%         N/A       100%        8


Dungeon Overview and Level Annotations

Branches:
Dungeon (7/15)
 Temple: D:4-7

Altars:
Nemelex Xobeh

Shops:
D:4 :

Annotations:
D:3 Ijyb


Innate Abilities, Weirdness & Mutations

You cannot wear most types of armour.
You are amphibious.
You can wear up to eight rings at the same time.
Your skin changes colour to match your surroundings (Stealth+).
Your rubbery body absorbs attacks. (AC +1, EV +1)
((You are camouflaged when in or above water. (Stealth+)))
You have tentacles for arms and can constrict up to eight enemies at once.


Message History

Something completely misses you.
You miss something. You miss something.
Your tentacle-slap misses something.
Your squeeze misses something. Something barely misses you.
You hit something.
Reactivating autopickup.
You feel a bit more experienced.
You start resting.
HP restored.
You start waiting.
Done waiting.
There is a shaft here.
An ice beast comes into view.
Found an escape hatch in the floor.
Found a stone staircase leading down.
Found a twisted silver wand.
You hit the ice beast but do no damage. The ice beast hits you.
The ice beast freezes you!
You hit the ice beast but do no damage. You hit the ice beast but do no damage.
The ice beast hits you. The ice beast freezes you.
You barely miss the ice beast. You squeeze the ice beast!
The ice beast is moderately wounded.
The ice beast hits you. The ice beast freezes you.
You hit the ice beast but do no damage.
You squeeze the ice beast, but do no damage.
The ice beast is moderately wounded.
The ice beast hits you. The ice beast freezes you!
* * * LOW HITPOINT WARNING * * *
Okay, then.
You feel very mighty all of a sudden. The ice beast closely misses you.
You hit the ice beast but do no damage.
The ice beast is moderately wounded.
You hit the ice beast. Your squeeze misses the ice beast.
The ice beast is moderately wounded.
The ice beast hits you.
* * * LOW HITPOINT WARNING * * *
The ice beast freezes you!
You die...

......... #.. ##........
... #.......# ..# ...
#....... ........ .
#####...... ##........
..#.....(..###..... #.#
......Y....#.....####..
#...##Y..#....###...##
#..>.@......###.......
.........#....).........
...>.....#.........##...
........##.[#..........#
.......###.....#........
.......#....#...#####...
./........##......##....
##.....#..#........#....
###.....#.........


You could see an ice beast.

Vanquished Creatures
  2 water moccasins (D:5)
  An ogre (D:5)
  A phantom (D:5)
  A bullfrog (D:6)
  A scorpion (D:6)
  A jelly (D:4)
  4 hounds (D:5)
  A gnoll bouda (D:4)
  3 orc priests (D:3)
  A sleepcap (D:6)
  Terence (D:3)
  An iguana (D:4)
  Natasha (D:3)
  An orc wizard (D:6)
  8 gnolls (D:4)
  8 adders
  A shadow imp (D:6)
  2 ufetubi (D:6)
  2 ribbon worms (D:3)
  2 dart slugs (D:2)
  9 orcs
  6 endoplasms
  2 giant cockroaches
  7 goblins
  10 hobgoblins
  4 jackals (D:1)
  6 quokkas
  7 ball pythons
  5 bats
  3 frilled lizards
  7 kobolds
  6 rats
115 creatures vanquished.

Notes
Turn   | Place    | Note
-------+----------+-------------------------------------------
     0 | D:5      | RancidPinata the Octopode Delver began the quest for the
                  | Orb.
     0 | D:5      | Reached XP level 1. HP: 16/16 MP: 1/1
    18 | D:5      | Noticed a hound
   107 | D:4      | Noticed an iguana
   143 | D:4      | Reached XP level 2. HP: 21/21 MP: 2/2
   376 | D:4      | Found Intaumim's Self-Improvement Boutique.
   424 | D:4      | Reached XP level 3. HP: 26/26 MP: 3/3
   477 | D:3      | Noticed Ijyb
   659 | D:2      | Reached skill level 1 in Long Blades
   802 | D:3      | Reached XP level 4. HP: 14/31 MP: 4/4
   818 | D:3      | Reached skill level 7 in Stealth
   895 | D:3      | Reached XP level 5. HP: 5/37 MP: 5/5
   937 | D:3      | Found a sparkling altar of Nemelex Xobeh.
  1044 | D:3      | Noticed Natasha
  1056 | D:3      | Killed Natasha
  1168 | D:3      | Noticed Terence
  1180 | D:3      | Killed Terence
  1248 | D:3      | Identified the +0 pair of gloves "Waeniq Tazy" {Int+4}
  1564 | D:2      | Reached XP level 6. HP: 42/43 MP: 6/6
  3569 | D:4      | HP: 2/44 [gnoll/+0 halberd[a gnoll bouda] (16)]
  4251 | D:4      | Reached XP level 7. HP: 49/49 MP: 7/7
  5041 | D:5      | Reached skill level 5 in Fighting
  5206 | D:5      | Reached skill level 8 in Stealth
  6073 | D:5      | Reached skill level 5 in Dodging
  6073 | D:5      | Reached XP level 8. HP: 56/56 MP: 8/8
  7008 | D:6      | Mangled by an ice beast

Illustrated notes

Levels and vault maps discovered:
D:1:      dpeg_arrival_renting, layout_rooms, minmay_strange_pillars
D:2:      layout_rooms, nicolae_houndstooth_variations
D:3:      layout_basic, nemelex_altar_shiori, cheibrodos_sewer_entry_bend,
          uniq_natasha, uniq_ijyb, uniq_terence
D:4:      layout_gridville, nicolae_shop_self_help
D:5:      layout_layer_cave
D:6:      layout_cave_pools
D:7:      layout_cave_pools, minmay_temple_entry_mist, serial_column_ruins,
          column_ruins_open_small, column_ruins_columns_corner,
          column_ruins_grid_3, column_ruins_open_large

Skill      XL: |  1  2  3  4  5  6  7  8 |
---------------+-------------------------+-----
Long Blades    | 1 2 3 |  3.3
Dodging        | 3 4 5 |  5.5
Stealth        | 7 8 |  8.4
Fighting       | 4 5 |  5.9
Short Blades   | 3 4 |  4.2

Action                     |  1- 3 |  4- 6 |  7- 9 || total
---------------------------+-------+-------+-------++-------
  Melee: Short sword       |    26 |   185 |    89 ||   300
         Tentacles         |     6 |    49 |    15 ||    70
         Constrict         |     7 |    39 |    10 ||    56
         Punch             |     1 |     2 |       ||     3
  Throw: Dart              |       |       |     2 ||     2
    Use: Scroll            |     1 |     1 |       ||     2
         Potion            |       |     2 |     1 ||     3
   Stab: Sleeping          |     4 |    19 |    10 ||    33
         Distracted        |       |     2 |     1 ||     3
 Armour: Skin              |     8 |    65 |    40 ||   113
  Dodge: Dodged            |    13 |   106 |    35 ||   154
